[Event "Late-Titled-Tuesday-Blitz-April-23-2024"]
[Site "Chess.com"]
[Date "2024.04.23"]
[Round "5"]
[White "FM_Kappeler"]
[Black "Zampronha1971"]
[Result "0-1"]
[WhiteElo "2272"]
[BlackElo "2450"]
[TimeControl "180+1"]
[EndTime "14:56:20 PDT"]
[Termination "Zampronha1971 won on time"]

1. d4 Nf6 2. c4 e6 3. g3 d5 4. Bg2 Be7 5. Nf3 O-O 6. O-O dxc4 7. Qa4 a6 8. Qxc4 b5 9. Qc2 Bb7 10. Bg5 Nc6 11. Rd1 Nd5 12. Bxe7 Ndxe7 13. Nc3 Qd7 14.
Ne4 Nb4 15. Qb1 Bxe4 16. Qxe4 Nbd5 17. Rac1 Nf6 18. Qc2 Rac8 19. Ne5 Qd6 20. Bb7 Rb8 21. Qxc7 Qxc7 22. Rxc7 Ned5 23. Bxd5 Nxd5 24. Ra7 Ra8 25. Rxa8 Rxa8 26. Rc1 f6 27. Nd3 a5 28. Rc6 Kf7 29.
Nc5 Nb4 30. Rc7+ Kg6 31. Nxe6 Nxa2 32. Rxg7+ Kf5 33. d5 Nb4 34. Nd4+ Ke5 35. Nxb5 Nxd5 36. Rxh7 Rb8 37. Nc3 Nxc3 38. bxc3 Ra8 39. Re7+ Kd5 40. Rd7+ Kc4 41. Rc7+ Kb3 42. Rb7+ Kc2 43. h4 a4 44. h5 a3 0-1

[Event "Late-Titled-Tuesday-Blitz-April-23-2024"]
[Site "Chess.com"]
[Date "2024.04.23"]
[Round "5"]
[White "VladimirBugayev"]
[Black "Fh2411"]
[Result "0-1"]
[WhiteElo "2241"]
[BlackElo "2549"]
[TimeControl "180+1"]
[EndTime "14:56:21 PDT"]
[Termination "Fh2411 won on time"]

1. e4 c5 2. Nc3 e6 3. f4 Nc6 4. Bb5 Nge7 5. Nf3 a6 6. Bxc6 Nxc6 7. d4 cxd4 8. Nxd4 Qb6 9. Nce2 Nxd4 10. Qxd4 Qxd4 11. Nxd4 Bc5 12. Nb3 Ba7 13. Ke2 d6 14.
Be3 Ke7 15. Rhd1 Bd7 16. Bxa7 Rxa7 17. Rd2 Rd8 18. Rad1 Be8 19. Ke3 b6 20. Rd4 Rc7 21.
c3 a5 22. e5 d5 23. a3 Rdc8 24.
R4d2 Ba4 25. Nd4 Bxd1 26. Rxd1 Rc5 27. f5 b5 28. Rf1 Rb8 29. g4 b4 30. cxb4 axb4 31.
a4 b3 32. g5 Rc4 33. f6+ gxf6 34. gxf6+ Kd7 35. Rg1 Rbb4 36. Nb5 Re4+ 37. Kd3 Rg4 38.
Rc1 Rbc4 0-1

[Event "Late-Titled-Tuesday-Blitz-April-23-2024"]
[Site "Chess.com"]
[Date "2024.04.23"]
[Round "5"]
[White "PavlovDanila"]
[Black "Andrei_Skvortsov"]
[Result "1-0"]
[WhiteElo "2590"]
[BlackElo "2730"]
[TimeControl "180+1"]
[EndTime "14:56:22 PDT"]
[Termination "PavlovDanila won by resignation"]

1. e4 c5 2. Nf3 d6 3. d4 cxd4 4. Nxd4 Nf6 5. Nc3 g6 6. Be3 Bg7 7. f3 O-O 8. Qd2 d5 9. e5 Ne8 10. f4 f6 11. exf6 Nxf6 12. O-O-O Ng4 13. h3 Nxe3 14. Qxe3 Nc6 15. Nb3 d4 16. Bc4+ Kh8 17.
Qg3 Qc7 18. Nb5 Qb6 19. h4 a6 20. Na3 Bf5 21. h5 Nb4 22. hxg6 Qxg6 23. Qxg6 Bxg6 24. Nxd4 Rac8 25. Ne6 Rf6 26. Nxg7 Nxc2 27. Nxc2 Rxc4 28. f5 Rfc6 29. fxg6 Rxc2+ 30. Kb1 Kxg7 31. gxh7 1-0

[Event "Late-Titled-Tuesday-Blitz-April-23-2024"]
[Site "Chess.com"]
[Date "2024.04.23"]
[Round "5"]
[White "TheSilmarils"]
[Black "Onischuk_V"]
[Result "1-0"]
[WhiteElo "2978"]
[BlackElo "2838"]
[TimeControl "180+1"]
[EndTime "14:56:23 PDT"]
[Termination "TheSilmarils won by checkmate"]

1. Nf3 g6 2. d4 Bg7 3. e4 d6 4. c3 Nf6 5. Bd3 O-O 6. O-O Nc6 7. h3 e5 8. dxe5 dxe5 9. b4 Nh5 10. b5 Na5 11. Ba3 Re8 12. Bb4 Nf4 13. Bxa5 Nxd3 14.
Bxc7 Qxc7 15. Qxd3 Be6 16. Nbd2 Red8 17. Qe3 a6 18. a4 Rac8 19. Rfc1 axb5 20. axb5 Qc5 21.
Qxc5 Rxc5 22. c4 Bh6 23. Rc2 Rdc8 24. Raa2 f5 25. exf5 gxf5 26. h4 Kf7 27. Ra7 e4 28. Nd4 Kf6 29. Nxe6 Kxe6 30. Rxb7 Bxd2 31. Rxd2 Rxc4 32.
Rxh7 Rc1+ 33. Kh2 Rb1 34. b6 f4 35. Rh6+ Kf5 36. Rd5+ Kg4 37. Rg5# 1-0

[Event "Late-Titled-Tuesday-Blitz-April-23-2024"]
[Site "Chess.com"]
[Date "2024.04.23"]
[Round "5"]
[White "Cayse"]
[Black "Rud_Makarian"]
[Result "0-1"]
[WhiteElo "2815"]
[BlackElo "3053"]
[TimeControl "180+1"]
[EndTime "14:56:23 PDT"]
[Termination "Rud_Makarian won on time"]

1. e4 c5 2. Nf3 d6 3. Bb5+ Nd7 4.
d4 cxd4 5. Qxd4 a6 6. Bxd7+ Bxd7 7. O-O Nf6 8. Bg5 e6 9. Nbd2 h6 10. Bxf6 Qxf6 11. e5 dxe5 12. Nxe5 Bb5 13. Ne4 Qd8 14. Rfd1 Qxd4 15. Rxd4 Be7 16. c4 Bc6 17. Nd6+ Bxd6 18. Rxd6 Rc8 19. Rad1 Ke7 20. f4 Be8 21. Rd7+ Bxd7 22.
Rxd7+ Ke8 23. Rxf7 Rf8 24. Rxg7 Rxf4 25. Rxb7 Rf5 26.
Nf3 Rxc4 27. Rb6 Kf7 28. Rxa6 e5 29. h3 e4 30. Ra7+ Ke8 31. Nd2 Rc1+ 32. Kh2 e3 33. Nf3 Rxf3 0-1

[Event "Late-Titled-Tuesday-Blitz-April-23-2024"]
[Site "Chess.com"]
[Date "2024.04.23"]
[Round "5"]
[White "Mikhail_Bryakin"]
[Black "Russian_berezka"]
[Result "0-1"]
[WhiteElo "2816"]
[BlackElo "2647"]
[TimeControl "180+1"]
[EndTime "14:56:26 PDT"]
[Termination "Russian_berezka won by checkmate"]

1. b3 e5 2. Bb2 Nc6 3. e3 d5 4.
Bb5 Ne7 5. Nf3 e4 6. Nd4 a6 7. Nxc6 Nxc6 8. Be2 Qg5 9. g3 Bh3 10. f4 exf3 11. Bxf3 Bc5 12. Nc3 O-O-O 13. Qe2 Rhe8 14. Nd1 d4 15. Bxc6 bxc6 16. c3 dxe3 17. d4 Kb7 18.
Rc1 Bd6 19. Rg1 Bg4 20. Qg2 Qf5 21.
c4 Bf3 22. Qc2 Be4 23. Qe2 Bd3 24. Qg2 Bb4+ 25. Bc3 Ba3 26. Bb2 Bb4+ 27. Bc3 Bxc3+ 28.
Nxc3 Rxd4 29. Rd1 e2 30. Rc1 Qg5 31. Ra1 Bxc4 32. Qf3 Qd2+ 33. Kf2 e1=Q# 0-1

[Event "Late-Titled-Tuesday-Blitz-April-23-2024"]
[Site "Chess.com"]
[Date "2024.04.23"]
[Round "5"]
[White "Meri-Arabidze"]
[Black "jcibarra"]
[Result "0-1"]
[WhiteElo "2685"]
[BlackElo "2995"]
[TimeControl "180+1"]
[EndTime "14:56:27 PDT"]
[Termination "jcibarra won on time"]

1. c4 e5 2. Nc3 Nf6 3. g3 c6 4.
d4 exd4 5. Qxd4 Na6 6. Bg2 Bc5 7. Qd1 O-O 8. Nf3 d5 9. cxd5 cxd5 10. O-O h6 11. b3 Re8 12. Bb2 Bg4 13. Na4 Bf8 14. h3 Bd7 15. e3 Nb4 16. Bd4 Ne4 17.
Ne5 Bxa4 18. bxa4 Rc8 19. Rb1 b6 20. a5 bxa5 21. Nd3 Nxa2 22. Rb7 Nac3 23. Qg4 Rc7 24. Rxc7 Qxc7 25. Nf4 Qc8 26. Qh5 Qa6 27. Nxd5 g6 28.
Qh4 g5 29. Qg4 Nxd5 30. Bxe4 Nf6 31. Bxf6 Qxf6 32. Rd1 a4 33. Bd5 a3 34. Rd4 Rd8 0-1

[Event "Late-Titled-Tuesday-Blitz-April-23-2024"]
[Site "Chess.com"]
[Date "2024.04.23"]
[Round "5"]
[White "Fandorine"]
[Black "Evan_Attaker"]
[Result "1-0"]
[WhiteElo "2937"]
[BlackElo "2602"]
[TimeControl "180+1"]
[EndTime "14:56:28 PDT"]
[Termination "Fandorine won by checkmate"]

1. e4 d6 2. d4 g6 3. Nc3 Bg7 4. Be3 Nf6 5. Qd2 c6 6. Bh6 Bxh6 7. Qxh6 Qa5 8. Bd3 Na6 9. Ne2 Nb4 10. O-O Nxd3 11. cxd3 Qh5 12. Qd2 O-O 13. Ng3 Qh4 14. h3 Bxh3 15. gxh3 Qxh3 16. Qf4 Ng4 17. Nge2 f5 18.
Qg3 Qh5 19. f4 c5 20. d5 Qh6 21. Kg2 Qg7 22. a4 h5 23. Rae1 a6 24. e5 b5 25.
a5 b4 26. Na4 Ra7 27. Nb6 dxe5 28. fxe5 g5 29. Nc4 f4 30. Qf3 Rf5 31. Ng3 Rf7 32.
Nxh5 Qg6 33. Qxg4 Qxd3 34. Qxg5+ Kf8 35. e6 Rh7 36. Rxf4+ Ke8 37. Qg8# 1-0

[Event "Late-Titled-Tuesday-Blitz-April-23-2024"]
[Site "Chess.com"]
[Date "2024.04.23"]
[Round "5"]
[White "VD_coach"]
[Black "Nemsko"]
[Result "1/2-1/2"]
[WhiteElo "2599"]
[BlackElo "2460"]
[TimeControl "180+1"]
[EndTime "14:56:29 PDT"]
[Termination "Game drawn by agreement"]

1. Nf3 Nf6 2. d4 e6 3. c4 b6 4.
e3 Bb7 5. Bd3 Be7 6. O-O Ne4 7.
Nfd2 Nxd2 8. Bxd2 O-O 9. Nc3 f5 10. Qc2 Bf6 11. d5 Na6 12. a3 Nc5 13. e4 Nxd3 14. Qxd3 fxe4 15. Nxe4 Bxb2 16. Rad1 Bf6 17. Rfe1 e5 18. f4 d6 19. Nxf6+ Qxf6 20. fxe5 dxe5 21. Bc3 Rae8 22. Qe3 Ba6 23. Bxe5 Qh4 24. Qc3 Bxc4 25. h3 Rf7 26. Kh2 b5 27. Bg3 Qd8 28. d6 cxd6 29. Rxd6 Qc8 30. Red1 Rfe7 31. Qd4 Qb7 32.
Rd7 Rxd7 33. Qxd7 Qxd7 34. Rxd7 Ra8 35. Be5 Bf7 36. Re7 Kf8 37. Bd6 Kg8 38. Be5 a5 39.
Rb7 b4 40. axb4 axb4 41. Rxb4 Re8 1/2-1/2

[Event "Late-Titled-Tuesday-Blitz-April-23-2024"]
[Site "Chess.com"]
[Date "2024.04.23"]
[Round "5"]
[White "Supelyel"]
[Black "MuhittinBuker"]
[Result "1-0"]
[WhiteElo "2414"]
[BlackElo "2141"]
[TimeControl "180+1"]
[EndTime "14:56:29 PDT"]
[Termination "Supelyel won on time"]

1. e4 e5 2. Nf3 Nc6 3. Bc4 Nf6 4. d3 Bc5 5. O-O a6 6. c3 Ba7 7. a4 d6 8. h3 h6 9. Be3 O-O 10. Nbd2 Be6 11. Bxe6 fxe6 12. Qb3 Qd7 13. a5 Bxe3 14.
fxe3 d5 15. exd5 exd5 16. e4 Kh7 17. exd5 Nxd5 18. Nc4 Rfe8 19. Rae1 Nf4 20. Nfxe5 Nxe5 21. Nxe5 Nxh3+ 22. gxh3 Qxh3 23. Qxb7 Rxe5 24. Rxe5 Qg3+ 25. Qg2 Qxe5 26. Qxa8 Qg3+ 27. Qg2 Qe3+ 28. Kh2 Qe5+ 29. Qg3 Qh5+ 30. Kg1 Qc5+ 31. d4 Qxa5 32. Rf2 Qa1+ 33.
Kh2 Qd1 34. Qf3 Qe1 35. Qf5+ Kh8 36. Qf8+ Kh7 37. Qf3 1-0

[Event "Late-Titled-Tuesday-Blitz-April-23-2024"]
[Site "Chess.com"]
[Date "2024.04.23"]
[Round "5"]
[White "IndianSchoolOfSuffering"]
[Black "lluiss"]
[Result "1-0"]
[WhiteElo "2409"]
[BlackElo "2143"]
[TimeControl "180+1"]
[EndTime "14:56:30 PDT"]
[Termination "IndianSchoolOfSuffering won on time"]

1. e4 c5 2. Nf3 d6 3. d4 cxd4 4. Nxd4 Nf6 5. Nc3 g6 6. Be3 Bg7 7. f3 O-O 8. Qd2 Nc6 9. O-O-O Nxd4 10. Bxd4 Be6 11. Kb1 Qc7 12. g4 Rfc8 13. h4 Qa5 14. Nd5 Qxd2 15. Nxf6+ Bxf6 16. Rxd2 Kg7 17. Be3 Kg8 18. Bd3 Bc4 19. h5 d5 20. Bxc4 dxc4 21. c3 b5 22. Rd5 a6 23. Rhd1 e6 24. Rd7 Rab8 25. hxg6 hxg6 26. Bd4 e5 27. Ba7 Ra8 28. Be3 Rab8 29. g5 Bd8 30. R1d5 Bb6 31. Bxb6 Rxb6 32. Rxe5 b4 33. Kc2 bxc3 34. Kxc3 Rcb8 35. Ree7 Rf8 36. Rb7 Rxb7 37. Rxb7 f6 38. Rb6 fxg5 39. Rxg6+ Kh7 40. Rxg5 Rxf3+ 41. Kxc4 1-0

[Event "Late-Titled-Tuesday-Blitz-April-23-2024"]
[Site "Chess.com"]
[Date "2024.04.23"]
[Round "5"]
[White "Skatchkov_V"]
[Black "rasmussvane"]
[Result "0-1"]
[WhiteElo "2668"]
[BlackElo "2960"]
[TimeControl "180+1"]
[EndTime "14:56:31 PDT"]
[Termination "rasmussvane won by resignation"]

1. d4 Nf6 2. c4 e6 3. Nf3 d5 4. g3 Bd6 5. Bg2 O-O 6. Nc3 Nc6 7. b3 dxc4 8. bxc4 e5 9. Nxe5 Nxe5 10. c5 Bxc5 11. dxc5 Qe7 12. O-O Qxc5 13. Qb3 Be6 14. Ba3 Qa5 15. Bb4 Qa6 16. Qa3 Qxa3 17. Bxa3 Rfb8 18.
Nb5 Ne8 19. Rfc1 c6 20. Nd6 f6 21. f4 Nf7 22. Nxb7 Rxb7 23. Bxc6 Rab8 24. Bxb7 Rxb7 25. Rab1 Rxb1 26. Rxb1 Nfd6 27. Bc5 Bxa2 28. Ra1 Bc4 29. Rxa7 Bxe2 30. Rd7 Nf5 31. Kf2 Bg4 32. Ra7 Bh3 33.
Kf3 h5 34. Ra8 Kf7 35. Ra7+ Kg6 36. Bf8 Ned6 37. Rc7 Nb5 38. Rb7 Nbd4+ 39. Kf2 Ne6 40. Bc5 Nxc5 0-1

[Event "Late-Titled-Tuesday-Blitz-April-23-2024"]
[Site "Chess.com"]
[Date "2024.04.23"]
[Round "5"]
[White "rynos0411"]
[Black "NitaLucian"]
[Result "0-1"]
[WhiteElo "2506"]
[BlackElo "2365"]
[TimeControl "180+1"]
[EndTime "14:56:32 PDT"]
[Termination "NitaLucian won by resignation"]

1. e4 d6 2. d4 Nf6 3. Nc3 e5 4. Nf3 Nbd7 5. Bc4 Be7 6. O-O O-O 7. a4 a5 8. Re1 c6 9. h3 Nb6 10. Bb3 exd4 11. Nxd4 d5 12. e5 Ne8 13. Nf3 Nc7 14. Be3 Nd7 15. Ne2 Re8 16. Ng3 Bc5 17. c3 Bxe3 18.
Rxe3 Nc5 19. Bc2 f6 20. exf6 Rxe3 21. f7+ Kxf7 22. fxe3 g6 23. Ne5+ Kg8 24. Qf3 Qf8 25. Qe2 Qe7 26. Nf3 Bd7 27. Qd2 Re8 28. Re1 N7e6 29.
Kh2 Ng5 30. Nd4 Nce4 31. Nxe4 Nxe4 32. Bxe4 Qxe4 33. Qf2 Rf8 34. Qg3 c5 35. Nb5 Qxa4 36. Nc7 Qc6 37. Rd1 Rf7 38. Nxd5 Bf5 39. Qe5 Qe6 40.
Qxe6 Bxe6 41. Nf4 Bc4 42. Rd6 Rc7 43. Kg3 a4 44. e4 b5 45. e5 Re7 46. e6 g5 47. Nd5 Bxd5 48. Rxd5 Rxe6 49. Rxc5 Rb6 50. Rxg5+ Kf7 51. Kf4 b4 52. Rf5+ Kg6 53. Rg5+ Kf7 54. Ra5 a3 55. bxa3 b3 0-1

[Event "Late-Titled-Tuesday-Blitz-April-23-2024"]
[Site "Chess.com"]
[Date "2024.04.23"]
[Round "5"]
[White "Andrii_Prydun"]
[Black "Pig-filth"]
[Result "0-1"]
[WhiteElo "2351"]
[BlackElo "2252"]
[TimeControl "180+1"]
[EndTime "14:56:34 PDT"]
[Termination "Pig-filth won on time"]

1. e4 Nf6 2. e5 Nd5 3. d4 d6 4.
c4 Nb6 5. f4 Bf5 6. Nc3 e6 7.
Nf3 Be7 8. Be2 dxe5 9. fxe5 Nc6 10. Be3 O-O 11. O-O f6 12. Qe1 Bg4 13. Rd1 Bxf3 14. Rxf3 fxe5 15. dxe5 Qe8 16. Qg3 Rxf3 17. Bxf3 Nxc4 18.
Bh6 Qg6 19. Qxg6 hxg6 20. Bc1 N4xe5 21. Be4 Rd8 22. Rxd8+ Bxd8 23. Be3 a6 24. b3 Kf7 25.
Ne2 Kf6 26. h3 Kf7 27. g4 Bh4 28. Kg2 g5 29. Nd4 Nxd4 30. Bxd4 Nc6 31. Bc3 Nd8 32. Bd2 c6 33. Bc3 b5 34. Ba5 Nb7 35. Bb4 c5 36. Bd2 Nd6 37. Bd3 c4 38. bxc4 Nxc4 39. Bc3 Ne3+ 40. Kf3 Nd5 41. Bd2 e5 42. Bc2 Nf4 43. a4 bxa4 44. Bxa4 Nxh3 45. Bb3+ Kf6 46. Bc4 Nf4 47. Bxa6 Ne6 48. Bb7 Nd4+ 49. Kg2 Nb3 50.
Be4 Nxd2 0-1

[Event "Late-Titled-Tuesday-Blitz-April-23-2024"]
[Site "Chess.com"]
[Date "2024.04.23"]
[Round "5"]
[White "Rodalquilar"]
[Black "Naoki"]
[Result "1-0"]
[WhiteElo "2750"]
[BlackElo "2546"]
[TimeControl "180+1"]
[EndTime "14:56:36 PDT"]
[Termination "Rodalquilar won by resignation"]

1. d4 Nf6 2. Nf3 g6 3. Bf4 Bg7 4. e3 O-O 5. Be2 d6 6. O-O c5 7. c3 cxd4 8. exd4 Nc6 9. Nbd2 Nd5 10. Bg3 e5 11. dxe5 dxe5 12. Nc4 f6 13. Qb3 Nce7 14. Rfd1 Qc7 15. Ne3 Be6 16. Bc4 Rad8 17. Nxd5 Nxd5 18. Bxd5 Rxd5 19. Rxd5 Qf7 20. Rad1 e4 21.
Ne1 f5 22. Bf4 h6 23. Qb5 a6 24. Qc5 g5 25. Be5 Bxd5 26. Qxd5 Bxe5 27. Qxe5 Re8 28. Qd5 Re7 29. Nc2 f4 30. Qxf7+ Kxf7 31. Re1 Kf6 32.
Nd4 Ke5 33. a3 Kd5 34. Kf1 Kc4 35. Ke2 e3 36. Rd1 Re5 37. Nf3 Re6 38. Rd4+ Kb3 39. Rb4+ Kc2 40. Nd4+ 1-0

[Event "Late-Titled-Tuesday-Blitz-April-23-2024"]
[Site "Chess.com"]
[Date "2024.04.23"]
[Round "5"]
[White "Eloist"]
[Black "Denmark2015"]
[Result "0-1"]
[WhiteElo "2455"]
[BlackElo "2616"]
[TimeControl "180+1"]
[EndTime "14:56:36 PDT"]
[Termination "Denmark2015 won on time"]

1. e4 e6 2. d4 d5 3. Nd2 Be7 4.
e5 c5 5. c3 cxd4 6. cxd4 Qb6 7.
Ndf3 Bb4+ 8. Bd2 Nc6 9. Bxb4 Qxb4+ 10. Qd2 Bd7 11. Bd3 Qb6 12. Ne2 a5 13. O-O Nge7 14.
Rac1 Qb4 15. Rc3 a4 16. a3 Qb6 17. h4 h6 18. Rfc1 Na5 19. Qf4 Nb3 20. R1c2 O-O 21. Qg4 Nf5 22. h5 Rac8 23. Rxc8 Rxc8 24. Rxc8+ Bxc8 25. Bxf5 exf5 26. Qh4 Qc7 27. Nc3 Be6 28. Qf4 Qc6 29. Qh4 Qd7 30. Qf4 Na5 31. Qc1 Nc4 32. Qc2 b5 33. Na2 f4 34. Nb4 Bg4 35. Qc1 Bxf3 36.
gxf3 Qf5 37. Nxd5 Qxh5 38. Qf1 Nd2 39. Qg2 Nxf3+ 40. Kf1 Kh7 0-1

[Event "Late-Titled-Tuesday-Blitz-April-23-2024"]
[Site "Chess.com"]
[Date "2024.04.23"]
[Round "5"]
[White "Godzillator"]
[Black "DonJuanEGenaro"]
[Result "1-0"]
[WhiteElo "2354"]
[BlackElo "2036"]
[TimeControl "180+1"]
[EndTime "14:56:36 PDT"]
[Termination "Godzillator won by resignation"]

1. c4 c5 2. Nf3 Nc6 3. g3 e6 4.
Bg2 d5 5. cxd5 exd5 6. O-O Qf6 7. d4 cxd4 8. Bg5 Qg6 9. Na3 Bxa3 10. bxa3 Nf6 11. Bf4 O-O 12. Nxd4 Re8 13. Nxc6 bxc6 14. Rc1 Bd7 15. e3 Ne4 16. Qd4 Nd6 17. Bxd6 Qxd6 18.
e4 Qxa3 19. exd5 cxd5 20. Bxd5 Rad8 21. Qf4 Qe7 22. Rfe1 Qxe1+ 23. Rxe1 Rxe1+ 24. Kg2 Re7 25. Qg5 Kf8 26. Bf3 h6 27. Qc5 a6 28. h4 Bb5 29.
Qb6 Rde8 30. Qc5 Kg8 31. Qb4 Re1 32. a4 Bf1+ 33. Kh2 Rc1 34. Bh5 g6 35. Qf4 gxh5 36.
Qxc1 Be2 37. Qc6 Re6 38. Qc8+ Kg7 39. f4 Bf3 40. Qc3+ Kg6 41. Qxf3 1-0

[Event "Late-Titled-Tuesday-Blitz-April-23-2024"]
[Site "Chess.com"]
[Date "2024.04.23"]
[Round "5"]
[White "ricaurtelopezj1955"]
[Black "Kavyev_Ruslan"]
[Result "1-0"]
[WhiteElo "2161"]
[BlackElo "2372"]
[TimeControl "180+1"]
[EndTime "14:56:36 PDT"]
[Termination "ricaurtelopezj1955 won on time"]

1. e4 c6 2. d4 d5 3. exd5 cxd5 4.
c4 Nf6 5. Nc3 g6 6. Bg5 Nbd7 7.
Nf3 Bg7 8. c5 O-O 9. Bb5 a6 10.
Bxd7 Qxd7 11. O-O Ne4 12. Bf4 Qf5 13. Be5 f6 14. Bc7 Nxc3 15. bxc3 Bd7 16. Re1 Rfe8 17. h3 h5 18. Qd2 Bb5 19. Bb6 Bc6 20. Nh4 Qg5 21. Qxg5 fxg5 22. Nxg6 Kf7 23. Ne5+ Bxe5 24.
Rxe5 Rg8 25. Rae1 Rae8 26. g3 e6 27. Kg2 Kf6 28. Bc7 Rg6 29. R5e3 Kf7 30. f4 gxf4 31. Rf1 Ke7 32. Rxf4 Reg8 33. Bd6+ Kd7 34. Rf7+ Kc8 35.
Ref3 Be8 36. Re7 Bd7 37. Rff7 Bc6 38. Rc7+ Kd8 39. Rce7 Kc8 40. Rf3 Bd7 41. Re3 Kd8 42. h4 Rg4 43. Kh2 R4g6 44. Bf4 Rg4 45. Bg5 Kc8 46.
Rf3 Re4 47. Rf2 Bc6 48. Rh7 Be8 49. Kg2 Bg6 50. Re7 Bf5 51. Rb2 1-0

[Event "Late-Titled-Tuesday-Blitz-April-23-2024"]
[Site "Chess.com"]
[Date "2024.04.23"]
[Round "5"]
[White "PepeCuenca"]
[Black "TimGrutter03"]
[Result "0-1"]
[WhiteElo "2810"]
[BlackElo "2621"]
[TimeControl "180+1"]
[EndTime "14:56:37 PDT"]
[Termination "TimGrutter03 won by checkmate"]

1. d4 Nf6 2. Bf4 c6 3. e3 Qb6 4.
Qc1 g6 5. c4 d6 6. Nc3 Bg7 7.
Nf3 Nh5 8. Bg5 h6 9. Bh4 g5 10. Bg3 Nd7 11. Be2 Ndf6 12. Qc2 Bg4 13. O-O-O Qa5 14. Kb1 Rc8 15. Bd3 O-O 16. a3 b5 17.
cxb5 cxb5 18. Bf5 Bxf5 19. Qxf5 Rxc3 20. bxc3 e6 21. Qc2 Nd5 22. Rd3 Nxg3 23. hxg3 Rc8 24. Rc1 Nb6 25. Qb3 Nc4 26. Ka2 d5 27. Nd2 Bf8 28. Nb1 Rc6 29. g4 Ra6 30. f3 Qb6 31. Qd1 Bxa3 32. Kb3 Qa5 33. Rd2 Qa4+ 34. Ka2 Bxc1+ 35.
Qxa4 Rxa4+ 36. Kb3 Bxd2 37. Nxd2 Nxd2+ 38. Kc2 Nc4 39.
Kd3 Ra2 40. e4 Rd2# 0-1

[Event "Late-Titled-Tuesday-Blitz-April-23-2024"]
[Site "Chess.com"]
[Date "2024.04.23"]
[Round "5"]
[White "ccccvhhhj"]
[Black "juancruzarias"]
[Result "0-1"]
[WhiteElo "2474"]
[BlackElo "2642"]
[TimeControl "180+1"]
[EndTime "14:56:37 PDT"]
[Termination "juancruzarias won by checkmate"]

1. e4 c6 2. d4 d5 3. e5 c5 4. dxc5 e6 5. Qg4 Nc6 6. Nf3 h5 7. Qg3 Nh6 8. Bd3 Nb4 9. O-O Nxd3 10. cxd3 Nf5 11. Qf4 Bxc5 12. d4 Be7 13. Nc3 Bd7 14. Qd2 Rg8 15. Qd3 g5 16. Be3 Qb6 17. b3 g4 18. Nd2 h4 19. Rfc1 Rc8 20. Na4 Rxc1+ 21. Rxc1 Qa5 22. Qc2 Bd8 23. Nc5 Bc6 24. Qb2 g3 25. h3 Nxe3 26. fxe3 Bg5 27. Re1 Be7 28. b4 Qb5 29. a4 Qb6 30. Qc3 Bd7 31. Nf3 Qc6 32. Qd3 Bc8 33. Qh7 Rf8 34. Nxh4 b6 35.
Nd3 Bd7 36. Nf3 Qc2 37. Rc1 Qe2 38. Re1 Qa2 39. a5 Bb5 40. Nf4 Qf2+ 41. Kh1 Bxb4 42. Ng1 Bxe1 43. Nxe6 fxe6 44. Qc7 Bd7 45. Qb8+ Kf7 46. Qd6 Be8 47. Qc7+ Kg8 48. Qxa7 Bxa5 49. Qc7 Qxe3 50. Qd6 Bf7 51. Qe7 Rc8 52. Qh4 Qxg1+ 53.
Kxg1 Rc1# 0-1

[Event "Late-Titled-Tuesday-Blitz-April-23-2024"]
[Site "Chess.com"]
[Date "2024.04.23"]
[Round "5"]
[White "ImportedItalianMaple"]
[Black "reevecanada"]
[Result "0-1"]
[WhiteElo "2461"]
[BlackElo "2621"]
[TimeControl "180+1"]
[EndTime "14:56:37 PDT"]
[Termination "reevecanada won by checkmate"]

1. e4 c5 2. Nf3 d6 3. Bb5+ Bd7 4.
Bxd7+ Qxd7 5. O-O Nf6 6. e5 dxe5 7. Nxe5 Qd6 8. Nc4 Qc7 9. d3 e6 10. Qf3 Nbd7 11. Bf4 Qc8 12. Nc3 a6 13. a4 Be7 14.
Nd6+ Bxd6 15. Bxd6 Qc6 16. Qxc6 bxc6 17. a5 g5 18. Na4 c4 19. dxc4 Ne4 20. Rfd1 g4 21. c5 f5 22. Nb6 Ra7 23. b4 Rg8 24. Rd3 Ndf6 25. c4 Rb7 26. Rad1 Kf7 27. Be5 h5 28. Rd8 Rg7 29. Kf1 h4 30. g3 h3 31. Rb8 Kg6 32. Rdd8 Ng5 33. Bxf6 Kxf6 34. Rf8+ Ke5 35. Rxb7 Rxb7 36. Ra8 Nf3 37. Rxa6 Nxh2+ 38. Ke2 Nf3 39.
Ra8 Rh7 40. Nd7+ Rxd7 41. Rh8 Ke4 42. b5 Rd2+ 43. Kf1 Rd1+ 44. Ke2 Re1# 0-1

[Event "Late-Titled-Tuesday-Blitz-April-23-2024"]
[Site "Chess.com"]
[Date "2024.04.23"]
[Round "5"]
[White "NajdorfPlayerc5"]
[Black "quvnoq_muxlis"]
[Result "0-1"]
[WhiteElo "2474"]
[BlackElo "2682"]
[TimeControl "180+1"]
[EndTime "14:56:38 PDT"]
[Termination "quvnoq_muxlis won on time"]

1. e4 c5 2. Nf3 d6 3. d4 cxd4 4. Nxd4 Nf6 5. Nc3 a6 6. Be3 e6 7.
g4 h5 8. g5 Ng4 9. Bc1 Nc6 10. Nxc6 bxc6 11. h3 Ne5 12. f4 Nd7 13. Be3 d5 14. Be2 Rb8 15. Bxh5 Rxb2 16. O-O g6 17.
Bg4 Bg7 18. e5 Qa5 19. Qd2 c5 20. Rab1 Rxb1 21. Rxb1 O-O 22. Nxd5 Qxa2 23. Ne7+ Kh7 24. Rf1 Qa4 25. Rd1 Nb6 26. Bxc5 Qb5 27. Qb4 Qxb4 28. Bxb4 Bb7 29. Kf2 Ra8 30. Bf3 Bxf3 31. Kxf3 a5 32. Bc5 Nc4 33. Rd4 Nb2 34. Ba3 Rb8 35. Nc6 Rb5 36. c4 Rb3+ 37. Ke4 Rxa3 38. Rd2 Nxc4 39. Rc2 Nb6 40. Ne7 Bf8 41. Nc6 Nd5 42. Rd2 Bc5 0-1

[Event "Late-Titled-Tuesday-Blitz-April-23-2024"]
[Site "Chess.com"]
[Date "2024.04.23"]
[Round "5"]
[White "dosto07"]
[Black "Fantastic_Power"]
[Result "1-0"]
[WhiteElo "2503"]
[BlackElo "2682"]
[TimeControl "180+1"]
[EndTime "14:56:38 PDT"]
[Termination "dosto07 won by checkmate"]

1. e4 c5 2. Nf3 Nf6 3. Nc3 e6 4. e5 Nd5 5. Nxd5 exd5 6. d4 Nc6 7. dxc5 Bxc5 8. Bd3 d6 9. exd6 Qxd6 10. O-O O-O 11. Re1 h6 12. h3 Qf6 13. c3 d4 14. c4 Bf5 15. a3 a5 16. Ra2 Rfe8 17. Bxf5 Qxf5 18.
b3 d3 19. Rd2 Rxe1+ 20. Nxe1 Rd8 21. Nxd3 Ba7 22. Qf3 Qxf3 23. gxf3 Nd4 24. Ne1 Re8 25. Kf1 Nxb3 26. Rd1 Rc8 27. Be3 Bxe3 28. fxe3 Rxc4 29. Rd8+ Kh7 30. Rd7 b5 31. Rxf7 Nc5 32. f4 Ra4 33. Rc7 Ne4 34. Rb7 Nc3 35. Nc2 b4 36. axb4 Ra2 37. Nd4 a4 38. f5 a3 39. f6 Kg6 40.
fxg7 Ra1+ 41. Kg2 Ne4 42. g8=Q+ Kh5 43. Qg4# 1-0

[Event "Late-Titled-Tuesday-Blitz-April-23-2024"]
[Site "Chess.com"]
[Date "2024.04.23"]
[Round "5"]
[White "SidArun"]
[Black "olakenn"]
[Result "1-0"]
[WhiteElo "2349"]
[BlackElo "1922"]
[TimeControl "180+1"]
[EndTime "14:56:38 PDT"]
[Termination "SidArun won by resignation"]

1. d4 Nf6 2. Nc3 d5 3. Bf4 Bf5 4. e3 e6 5. f3 Bd6 6. g4 Bxf4 7. gxf5 Bxe3 8. fxe6 fxe6 9. Qe2 Bxd4 10. Qxe6+ Qe7 11. Qxe7+ Kxe7 12. Nge2 Be3 13. Nd1 Bh6 14. Kf2 Nc6 15. c3 Rhf8 16. Bh3 Ne4+ 17. Kg2 Ng5 18. Bg4 Ne5 19.
Nd4 c5 20. Nf5+ Kd8 21. Nxh6 gxh6 22. Rf1 Nxg4 23. fxg4 Rxf1 24. Kxf1 Kc7 25. Ne3 Kc6 26. Kg2 Re8 27. Nf5 Re2+ 28. Kg3 Rxb2 29. Re1 Ne4+ 30. Kf4 Nxc3 31. Ke5 d4 32. Ne7+ Kb6 33. Rf1 d3 34. Nd5+ Nxd5 35. Kxd5 d2 36. Kc4 Rxa2 37. Rf6+ Kc7 38. Rf1 Rc2+ 39. Kd3 Rc1 40. Rf7+ Kb6 41.
Kxd2 Rh1 42. Rxh7 Rxh2+ 43. Kc3 a5 44. g5 Rh4 45. Rxh6+ 1-0

[Event "Late-Titled-Tuesday-Blitz-April-23-2024"]
[Site "Chess.com"]
[Date "2024.04.23"]
[Round "5"]
[White "Nf3c5"]
[Black "Slovineanu"]
[Result "0-1"]
[WhiteElo "2610"]
[BlackElo "2483"]
[TimeControl "180+1"]
[EndTime "14:56:39 PDT"]
[Termination "Slovineanu won by resignation"]

1. e4 c6 2. d4 d5 3. exd5 cxd5 4.
Bd3 Nc6 5. c3 Nf6 6. Bf4 Bg4 7.
Qb3 Qd7 8. Nd2 e6 9. Ngf3 Bxf3 10. Nxf3 Bd6 11. Bxd6 Qxd6 12. O-O O-O 13. Rae1 Qc7 14.
Re3 Na5 15. Qc2 Nc4 16. Re2 b5 17. Ne5 g6 18. f4 a5 19. g4 Nxe5 20. fxe5 Nxg4 21.
Qd2 Kg7 22. Bxb5 Nh6 23. Bd3 Nf5 24. Bxf5 exf5 25. Qg5 Qd7 26. Ref2 f6 27. Qg3 Kh8 28. Re1 Rae8 29. Rfe2 Qc7 30. Qf3 fxe5 31. Rxe5 Rxe5 32.
Rxe5 Qb7 33. Qe2 f4 34. Re7 Qb8 35. Qe6 f3 36. Qd7 f2+ 37. Kf1 Qxh2 38. Rf7 Qg1+ 39. Ke2 f1=Q+ 40. Kd2 Qxf7 0-1